 Dungeon Crawl Stone Soup version 0.31-a0-1336-g7fd7ca34b5 (webtiles) character file.

Game seed: 4683217643824903946

135332 MackTheKnife the Fighter (level 16, -7/131 (147) HPs)
             Began as an Armataur Alchemist on Dec 20, 2023.
             Was a Follower of Uskayaw.
             Mangled by a steelbarb worm (9 damage)
             ... on level 4 of the Spider Nest on Dec 21, 2023.
             The game lasted 01:10:49 (30802 turns).

MackTheKnife the Fighter (Armataur Alchemist)      Turns: 30802, Time: 01:10:49

HP:   -7/131 (147)  AC: 26    Str: 24    XL:     16   Next: 64%
MP:   20/23         EV:  8    Int: 17    God:    Uskayaw [*.....]
Gold: 2435          SH:  0    Dex: 12    Spells: 6/21 levels left

rFire   . . .        a - +8 demon trident "Rift" {distort, reach+, polearm}
rCold   . . .        (no shield)
rNeg    . . .        S - +3 scale mail {rPois}
rPois   +            c - +2 helmet
rElec   +            (no cloak)
rCorr   +            q - +2 pair of gloves
SInv    .            P - +1 barding {Stlth+}
Will    +....        d - amulet of reflection
Stlth   ++           U - ring "Zupray" {^Contam rElec rCorr Str+5 Slay+5}
HPRegen 0.41/turn    C - +5 ring of evasion
MPRegen 0.18/turn

%: reflection, roll
@: about to teleport, spiked, held, slowed, heavily drained, very slow
A: large, deformed body, tough skin 3, armoured tail, roll 2
a: Renounce Religion, Stomp


You were on level 4 of the Spider Nest.
You worshipped Uskayaw.
Uskayaw was aware of your devotion.
You visited 4 branches of the dungeon, and saw 26 of its levels.
You also visited: Bailey and Ice Cave.

You collected 3026 gold pieces.
You spent 591 gold pieces at shops.


Innate Abilities, Weirdness & Mutations

Armour fits poorly on your strangely shaped body.
You have extremely tough skin. (AC +3)
You have a long armoured tail.
You regenerate magic and health when rolling toward enemies. (Rampage Regen)


   Skills:
 - Level 14.5 Fighting
 - Level 6.0 Short Blades
 - Level 14.0 Polearms
 - Level 12.0 Armour
 - Level 1.3 Dodging
 - Level 5.0 Stealth
 - Level 3.0 Spellcasting
 - Level 3.5 Conjurations
 - Level 2.0 Translocations
 + Level 4.1 Fire Magic
 - Level 3.5 Air Magic
 - Level 10.0 Alchemy
 - Level 10.0 Invocations
 - Level 4.0 Evocations


You had 6 spell levels left.
You knew the following spells:

 Your Spells              Type           Power      Damage    Failure   Level
a - Ignite Poison         Fire/Alch      26%        N/A       19%         4
b - Mercury Vapours       Alch/Air       50%        N/A       3%          2
c - Mephitic Cloud        Conj/Alch/Air  21%        N/A       11%         3
d - Olgreb's Toxic Radia  Alch           36%        N/A       5%          4
e - Blink                 Tloc           18%        N/A       22%         2

Your spell library contained the following spells:

 Spells                   Type           Power      Damage    Failure   Level
 Sting                    Conj/Alch      100%       1d9       2%          1
 Cigotuvi's Dreadful Rot  Necr/Alch/Air  34%        N/A       9%          2
 Scorch                   Fire           32%        2d6       10%         2
 Apportation              Tloc           18%        N/A       16%         1
 Alistair's Intoxication  Alch           24%        N/A       16%         5
 Momentum Strike          Conj/Tloc      22%        3d8       17%         2
 Sticky Flame             Fire/Alch      26%        2d6       19%         4
 Lesser Beckoning         Tloc           18%        N/A       22%         2
 Fulminant Prism          Conj/Alch      12%        3d9       22%         4
 Volatile Blastmotes      Fire/Tloc      24%        2d12      30%         3
 Jinxbite                 Hex            4%         N/A       45%         2
 Flame Wave               Conj/Fire      15%        2d7       58%         4
 Eringya's Noxious Bog    Alch           18%        4d6       65%         6
 Fugue of the Fallen      Necr           2%         N/A       71%         3
 Ozocubu's Armour         Ice            2%         N/A       71%         3
 Summon Guardian Golem    Hex/Summ       2%         N/A       71%         3
 Iskenderun's Mystic Bla  Conj/Tloc      11%        2d4       73%         4
 Manifold Assault         Tloc           9%         N/A       83%         4
 Summon Lightning Spire   Summ/Air       8%         N/A       86%         4
 Animate Armour           Summ/Erth      4%         N/A       98%         4
 Dispel Undead            Necr           2%         3d7       98%         4
 Freezing Cloud           Conj/Ice/Air   5%         6-21      98%         5
 Summon Forest            Summ/Tloc      2%         N/A       99%         5
 Lee's Rapid Deconstruct  Erth           1%         3d4*      100%        5
 Metabolic Englaciation   Hex/Ice        1%         N/A       100%        5
 Death Channel            Necr           1%         N/A       100%        6
 Simulacrum               Ice/Necr       1%         N/A       100%        6
 Summon Cactus Giant      Summ           1%         N/A       100%        6
 Orb of Destruction       Conj           7%         9d6       100%        7
 Spellforged Servitor     Conj/Summ      4%         N/A       100%        7
 Summon Hydra             Summ           1%         N/A       100%        7
 Ignition                 Fire           8%         3d5       100%        8

Inventory:

Hand Weapons
 a - the +8 demon trident "Rift" (weapon) {distort, reach+, polearm}
   (You found it on level 9 of the Dungeon)
Missiles
 m - 56 poisoned darts {throwing}
 A - 16 curare-tipped darts {=fthrowing}
 B - a throwing net {=f!fthrowing}
Armour
 c - a +2 helmet (worn)
   (You found it on level 2 of the Dungeon)
 h - a +2 leather armour of fire resistance
   (You found it on level 5 of the Dungeon)
 q - a +2 pair of gloves (worn)
   (You found it on level 5 of the Dungeon)
 I - the +2 robe "Vootah" {rElec Str+4 Dex-5}
   (You found it on level 5 of the Lair of Beasts)

   Str+4:     It affects your strength (+4).
   Dex-5:     It affects your dexterity (-5).
   rElec:     It insulates you from electricity.
 N - a +2 crystal plate armour of cold resistance {rare=g}
   (You found it in an ice cave)
 P - a +1 barding of stealth (worn)
   (You took it off Nessos on level 12 of the Dungeon)
 S - a +3 scale mail of poison resistance (worn)
   (You found it on level 15 of the Dungeon)
 T - the +1 pair of gloves of Ennui {rF++ Will- Slay+4}
   (You found it on level 2 of the Spider Nest)

   Slay+4:    It affects your accuracy & damage with ranged weapons and melee
   (+4).
   rF++:      It greatly protects you from fire.
   Will-:     It decreases your willpower.
Jewellery
 d - an amulet of reflection (around neck)
   (You found it on level 1 of the Dungeon)
 t - a ring of wizardry
   (You found it on level 5 of the Dungeon)
 C - a +5 ring of evasion (right hand)
   (You found it on level 11 of the Dungeon)
 J - a ring of protection from fire
   (You found it on level 5 of the Lair of Beasts)
 M - a ring of protection from cold
   (You took it off a reaper in an ice cave)
 Q - a ring of protection from cold
   (You found it on level 12 of the Dungeon)
 U - the ring "Zupray" (left hand) {^Contam rElec rCorr Str+5 Slay+5}
   (You acquired it on level 3 of the Spider Nest)

   [ring of resist corrosion]

   Str+5:     It affects your strength (+5).
   Slay+5:    It affects your accuracy & damage with ranged weapons and melee
   (+5).
   rElec:     It insulates you from electricity.
   ^Contam:   It causes magical contamination when unequipped.
   rCorr:     It protects you from acid and corrosion.
Wands
 g - a wand of roots (24)
   (You found it on level 7 of the Dungeon)
 v - a wand of digging (14)
   (You found it on level 2 of the Lair of Beasts)
 F - a wand of mindburst (14)
   (You found it on level 2 of the Lair of Beasts)
 G - a wand of flame (22)
   (You found it on level 4 of the Lair of Beasts)
 L - a wand of paralysis (5)
   (You found it on level 12 of the Dungeon)
Scrolls
 f - 3 scrolls of fog
 n - 3 scrolls of revelation
 o - 4 scrolls of teleportation {@r4}
 u - 2 scrolls of poison {!r}
 w - 7 scrolls of blinking {!r}
 x - 3 scrolls of immolation {!r!r}
 y - 3 scrolls of fear
 E - 8 scrolls of identify {@r1}
 K - 2 scrolls of vulnerability {!r!r}
Potions
 b - 4 potions of magic
 e - a potion of enlightenment
 i - 4 potions of heal wounds {@q2}
 j - 3 potions of lignification {!q}
 k - a potion of resistance
 l - 10 potions of ambrosia
 p - 3 potions of mutation {!q}
 r - 3 potions of haste {@q3}
 s - 3 potions of brilliance
 z - 3 potions of might
 D - 4 potions of curing {@q1}
 H - a potion of cancellation
 O - a potion of invisibility
Miscellaneous
 R - a phial of floods (inert)
   (You found it on level 15 of the Dungeon)

Dungeon Overview and Level Annotations

Branches:
Dungeon (15/15) Zot: 25450  Temple (0/1) D:7            Lair (5/5) D:11 Zot: 23619
 Shoals (0/4) Lair:3       Spider (4/4) Lair:3 Zot: 20099   Slime (0/5) Lair:4
    Orc (2/2) D:9 Zot: 9765     Elf (0/3) Orc:2        Vaults (0/5) D:14
 Depths (0/4) D:15         Bailey (visited)           IceCv (visited)

Altars:
Hepliaklqana
Makhleb
Nemelex Xobeh
Sif Muna
Uskayaw
The Shining One
Jiyva

Shops:
D:2 ?   D:6 :   Orc:2 (*[(

Annotations:
D:5 exclusion: downstairs
D:6 exclusion: wyvern, Edmund, Maggie
D:11 Erolcha
Abyss:1 Fannar, Nikola

# #. ## ..##. # .#.#
.^^..###.#...
#..[.#.#....
....^.s##..## ##.w@#s..#
#..HB#...# #######
####.s...^# #.##..#
#......B°## #..#..###
##..#.##.§#
......#^####...###....s.
........#..##..#
###^$...
.#..##..#......# ...§...
##..#..........# ###§.§.


You could see a jorogumo (poisoned), a steelbarb worm, a demonic crawler, 2
pharaoh ants and a jumping spider (poisoned).


Message History

You closely miss the wolf spider.
Your tail-slap misses the wolf spider.
The wolf spider hits you but does no damage.
The wolf spider bites you. 😕 HP[-1]
You take 1 damage, and now have 146/147 hp.
You puncture the wolf spider!
You kill the wolf spider!
Your Fire Magic skill increases to level 4! 😎 HP[+1]
Your hp is fully restored (147).
p - 3 potions of mutation {!q} (gained 1) 😎 MP[+1]
You see here a scroll of noise {!r}.
You see here a scroll of noise {!r}.
You now have 2435 gold pieces (gained 14).
A jumping spider comes into view.
The jumping spider's many legs skitter faintly.
You hear a skittering sound.
The jumping spider leaps!
A pharaoh ant comes into view. 😎 MP[+3]
Your mp is fully restored (23).
You begin to radiate toxic energy.
The jumping spider is poisoned.
The pharaoh ant gives a chilling moan.
A pharaoh ant comes into view.
The jumping spider leaps!
The pharaoh ant enters a dispersal trap!
The pharaoh ant blinks!
The steelbarb worm blinks!
The demonic crawler blinks!
The pharaoh ant blinks!
The demonic crawler blinks!
You blink.
The pharaoh ant blinks! 😎 MP[-4]
You lost 4 mp, and now have 19/23 mp.
Unknown command.
Unknown command.
Unknown command.
The jumping spider looks even sicker.
The redback is poisoned.
The wolf spider is poisoned.
The steelbarb worm is poisoned.
The culicivora's many legs skitter faintly.
The culicivora is poisoned.
The demonic crawler gives a hideous shriek!
The wolf spider enters a dispersal trap!
The jorogumo blinks!
The redback blinks!
The pharaoh ant blinks!
The steelbarb worm blinks!
The culicivora blinks!
The demonic crawler blinks!
The jorogumo blinks!
You blink.
The wolf spider blinks!
The jorogumo shouts!
Okay, then.
Unknown command.
Okay, then.
You puncture the jorogumo!
Space warps around the jorogumo.
The jorogumo is poisoned.
The jorogumo hits you!
A steelbarb worm comes into view. 😕 HP[-11]
You take 11 damage, and now have 136/147 hp.
Your toxic aura wanes.
The jorogumo attacks as it pursues you!
The jorogumo hits you but does no damage.
Unknown command.
Unknown command.
You miss the jorogumo. The pharaoh ant bites you!
You feel drained.
The jumping spider leaps!
The jorogumo hits you!
You suddenly lose the ability to move!
The pharaoh ant bites you but does no damage.
The jumping spider leaps!
The jorogumo casts a spell at you.
The stream of webbing hits you but does no damage.
You are caught in a web!
The pharaoh ant bites you.
You feel drained. The jorogumo hits you.
You feel yourself slow down. The pharaoh ant bites you!!
You feel drained.
The steelbarb worm hits you but does no damage.
You can move again. 😮 HP[-60] MP[+1]
You now have 137 max hp (-10).
You take 60 damage, and now have 76/137 hp.
MASSIVE DAMAGE!! (PAUSE) Unknown command.
Unknown command.
Unknown command.
As you read the scroll of teleportation {@r4}, it crumbles to dust.
You feel strangely unstable. The pharaoh ant bites you!!
* * * LOW HITPOINT WARNING * * *
The jorogumo hits you but does no damage.
The steelbarb worm hits you!
* * * LOW HITPOINT WARNING * * *
Barbed spikes become lodged in your body.
The jumping spider leaps!
The pharaoh ant bites you!!
* * * LOW HITPOINT WARNING * * *
You feel drained.
* * * LOW HITPOINT WARNING * * *
The jorogumo stares at you and mumbles some strange words.
The stream of webbing misses you. The steelbarb worm hits you!
You die...

Skill      XL: |  1  2  3  4  5  6  7  8  9 10 11 12 13 14 15 16 |
---------------+-------------------------------------------------+-----
Conjurations   | 1 2 3 |  3.5
Stealth        | 3 5 |  5.0
Alchemy        | 3 4 6 7 10 | 10.0
Air Magic      | 2 3 |  3.5
Fighting       | 2 3 5 6 8 10 12 13 14 | 14.5
Spellcasting   | 2 3 |  3.0
Short Blades   | 4 6 |  6.0
Armour         | 2 4 12 | 12.0
Invocations    | 4 10 | 10.0
Evocations     | 4 |  4.0
Polearms       | 4 8 11 13 14 | 14.0
Translocations | 2 |  2.0
Fire Magic     | 4 |  4.1
Dodging        | |  1.3

Action                     |  1- 3 |  4- 6 |  7- 9 | 10-12 | 13-15 | 16-18 || total
---------------------------+-------+-------+-------+-------+-------+-------++-------
  Melee: Club              |     2 |       |       |       |       |       ||     2
         Mace              |    23 |    64 |    56 |       |       |       ||   143
         Tailslap          |     1 |     9 |    16 |    29 |    93 |    25 ||   173
         Punch             |     1 |       |       |     5 |     7 |     2 ||    15
         Dagger            |     5 |     1 |       |       |       |       ||     6
         Short sword       |       |    12 |    74 |    90 |       |       ||   176
         Demon trident     |       |       |       |   305 |   980 |   236 ||  1521
  Throw: Dart              |       |     5 |     7 |       |     5 |       ||    17
         Throwing net      |       |       |     1 |       |       |       ||     1
   Cast: Sting             |    80 |    60 |    19 |       |     2 |       ||   161
         Mercury Vapours   |     3 |    27 |    12 |       |       |     3 ||    45
         Mephitic Cloud    |       |       |    16 |    22 |    20 |     4 ||    62
         Olgreb's Toxic Ra |       |       |    22 |    71 |    62 |    29 ||   184
         Ignite Poison     |       |       |       |       |       |     2 ||     2
  Evoke: Wand              |       |       |     1 |    10 |    10 |       ||    21
         Phial of floods   |       |       |       |       |       |     1 ||     1
    Use: Scroll            |     1 |     3 |     4 |    13 |     8 |     4 ||    33
         Potion            |       |     3 |       |     2 |     2 |       ||     7
   Stab: Confused          |       |       |     6 |     8 |     3 |     1 ||    18
         Paralysed         |       |       |     6 |    28 |    90 |    24 ||   148
         Sleeping          |       |       |     1 |    12 |    20 |     7 ||    40
         Invisible         |       |       |       |     1 |       |       ||     1
         Distracted        |       |       |       |     2 |     3 |       ||     5
 Armour: Robe              |    27 |     1 |       |       |       |       ||    28
         Leather armour    |       |   150 |   106 |   164 |   321 |       ||   741
         Scale mail        |       |       |       |       |       |    89 ||    89
  Dodge: Dodged            |    13 |   100 |    68 |   104 |   177 |    34 ||   496
  Block: Other             |     9 |    46 |    25 |    50 |    72 |    20 ||   222
         Reflection        |       |       |     2 |     8 |    14 |       ||    24

Levels and vault maps discovered:
D:1:      dpeg_arrival_arbitrary_a, layout_loops_ring, basic_ecumenical_altar,
          st_stairs_5
D:2:      layout_loops_cross, nicolae_nh_oracle_at_delphi
D:3:      layout_basic, serial_curves, eino_curves_03, eino_curves_03,
          eino_curves_04
D:4:      layout_cave_pools, nicolae_hepliaklqana_hippocampus
D:5:      layout_basic, old_standard_altar
D:6:      layout_loops_ring, serial_shops, shop, uniq_edmund, uniq_maggie
D:7:      layout_rooms, tso_oasis_becter, minmay_temple_entry_antechambers
D:8:      layout_basic, minmay_crossroads, uniq_pikel, uniq_grum
D:9:      layout_roguey, kennysheep_mini_moat, erik_orc_4, enter_bailey_8
D:10:     layout_long_grid, mainiacjoe_overflow_cross_hatched, uniq_psyche
D:11:     layout_irregular_city, hellmonk_lair_entry_icy, uniq_lodul,
          uniq_snorg, uniq_josephine, uniq_erolcha
D:12:     layout_small_grid, portal_ice_cave_entry_ice_simulacra, uniq_nessos,
          uniq_fannar
D:13:     minmay_weird_star, layout_basic, serial_corexii_hall,
          corexii_hall_statues_i, corexii_hall_statues_x
D:14:     layout_long_grid, skrybe_vaults_entry_preservation,
          nicolae_concentric_dashed_squares_wild, grunt_livestock,
          minmay_misc_feat_x, uniq_jorgrun
D:15:     gammafunk_enter_depths_forms, layout_small_grid,
          hangedman_cracks_in_the_wall
Lair:1:   layout_roguey [special_room_bee], serial_bayou_shore_a,
          grunt_megastairs_4, infiniplex_staircase_pool
Lair:2:   layout_long_grid, grunt_forest_large_clearings, lemuel_fruit_fields
Lair:3:   layout_regular_city, minmay_shoals_entry_centaurs,
          spider_nest_entry_funnel_web, lemuel_fruit_tree
Lair:4:   layout_small_grid, nicolae_slime_entry_field_trip
Lair:5:   cheibrodos_lair_end_hotspot, layout_cave_pods, pond, uniq_sonja
Spider:1: layout_chambers, hangedman_spider_tarantella_strand
Spider:2: layout_spider_delve
Spider:3: layout_spider_delve, nicolae_spider_checkerboard,
          nicolae_spider_cling_halls, uniq_nikola
Spider:4: spider_rune_water
Orc:1:    layout_caves
Orc:2:    st_orc_elflike, layout_caves, abandoned_shop,
          hellmonk_guarded_unrand_dark_maul, uniq_azrael

Notes
Turn   | Place    | Note
-------+----------+-------------------------------------------
     0 | D:1      | MackTheKnife the Armataur Alchemist began the quest for the
                  | Orb.
     0 | D:1      | Reached XP level 1. HP: 13/13 MP: 3/3
     0 | D:1      | magus.rc [v1.9.6]
   122 | D:1      | Reached skill level 1 in Conjurations
   236 | D:1      | Found a faded altar of an unknown god.
   252 | D:1      | Prayed at the altar of an unknown god.
   252 | D:1      | Became a worshipper of Uskayaw the Reveller
   252 | D:1      | Reached * piety under Uskayaw
   427 | D:1      | Reached ** piety under Uskayaw
   428 | D:1      | Reached XP level 2. HP: 19/19 MP: 1/4
   468 | D:1      | Learned a level 2 spell: Mercury Vapours
   703 | D:1      | Reached skill level 3 in Stealth
   980 | D:2      | Reached skill level 3 in Alchemy
  1179 | D:2      | Reached XP level 3. HP: 21/24 MP: 2/5
  1250 | D:2      | Found The Oracle's Delphic Readings.
  1254 | D:2      | Bought a scroll of identify for 24 gold pieces
  1268 | D:2      | You pick up a book of Scorching and begin reading...
  1268 | D:2      | You add the spells Scorch, Flame Wave and Summon Cactus
                  | Giant to your library.
  1460 | D:2      | Reached skill level 2 in Conjurations
  2255 | D:2      | Bought a scroll of teleportation for 36 gold pieces
  2449 | D:3      | Reached XP level 4. HP: 30/30 MP: 2/6
  3395 | D:4      | You pick up a book of Decay and begin reading...
  3395 | D:4      | You add the spells Cigotuvi's Dreadful Rot, Dispel Undead
                  | and Death Channel to your library.
  3414 | D:4      | Reached skill level 1 in Air Magic
  3414 | D:4      | Reached skill level 4 in Alchemy
  3865 | D:4      | Reached skill level 2 in Air Magic
  3865 | D:4      | Reached XP level 5. HP: 21/36 MP: 1/7
  4171 | D:4      | You pick up a book of Spatial Translocations and begin
                  | reading...
  4171 | D:4      | You add the spells Blink, Momentum Strike and Lesser
                  | Beckoning to your library.
  4308 | D:4      | Reached skill level 1 in Fighting
  4535 | D:4      | Found a hazy altar of Hepliaklqana.
  4571 | D:5      | Entered Level 5 of the Dungeon
  4583 | D:5      | Reached skill level 2 in Fighting
  4676 | D:5      | Reached skill level 2 in Spellcasting
  4808 | D:5      | You pick up a book of Party Tricks and begin reading...
  4808 | D:5      | You add the spells Apportation, Jinxbite and Alistair's
                  | Intoxication to your library.
  4867 | D:5      | Learned a level 3 spell: Mephitic Cloud
  5031 | D:5      | Reached XP level 6. HP: 44/44 MP: 6/9
  5037 | D:5      | Reached *** piety under Uskayaw
  5215 | D:2      | Bought a scroll of blinking for 90 gold pieces
  5215 | D:2      | Bought a scroll of teleportation for 36 gold pieces
  5215 | D:2      | Bought a scroll of teleportation for 36 gold pieces
  5393 | D:5      | Reached skill level 3 in Conjurations
  5393 | D:5      | Reached skill level 3 in Air Magic
  5555 | D:5      | Found a burning altar of Makhleb.
  5834 | D:6      | Noticed Maggie
  5951 | D:6      | Found Hijyon Laugi's Book Boutique.
  5956 | D:6      | Noticed Edmund
  6136 | D:6      | Gained mutation: You regenerate magic and health when
                  | rolling toward enemies. (Rampage Regen) [Armataur growth]
  6136 | D:6      | Reached XP level 7. HP: 36/50 MP: 7/10
  6239 | D:6      | Reached skill level 5 in Alchemy
  6357 | D:6      | Noticed a wyvern
  6541 | D:5      | magus.rc [v1.9.6]
  6575 | D:6      | g - +0 shadow dragon scales {rare}
  6576 | D:6      | You drop +0 shadow dragon scales {rare}.
  6850 | D:7      | Found a staircase to the Ecumenical Temple.
  6853 | D:7      | You pick up a book of Dangerous Friends and begin
                  | reading...
  6853 | D:7      | You add the spells Summon Guardian Golem, Orb of
                  | Destruction and Spellforged Servitor to your library.
  6927 | D:7      | magus.rc [v1.9.6]
  7042 | D:7      | Reached skill level 6 in Alchemy
  7053 | D:7      | Reached skill level 3 in Fighting
  7060 | D:7      | Reached XP level 8. HP: 41/58 MP: 2/11
  7286 | D:7      | Reached skill level 4 in Fighting
  7334 | D:7      | Found a glowing golden altar of the Shining One.
  7456 | D:7      | Learned a level 4 spell: Olgreb's Toxic Radiance
  7477 | D:8      | Noticed a two-headed ogre
  7575 | D:8      | Identified the +6 short sword "Hulk" {drain, rC+ MP+9 Str+3
                  | Dex-2}
  7677 | D:8      | Reached skill level 5 in Fighting
  7719 | D:8      | Reached skill level 1 in Short Blades
  7763 | D:8      | Reached skill level 2 in Short Blades
  7833 | D:8      | Reached skill level 3 in Short Blades
  7916 | D:8      | Noticed Pikel
  7927 | D:8      | Killed Pikel
  7928 | D:8      | Reached skill level 4 in Short Blades
  7928 | D:8      | Reached skill level 2 in Armour
  7928 | D:8      | Reached XP level 9. HP: 65/69 MP: 7/12
  7942 | D:8      | Reached skill level 6 in Fighting
  7942 | D:8      | Reached **** piety under Uskayaw
  8044 | D:8      | Killed a two-headed ogre
  8045 | D:8      | Reached skill level 6 in Short Blades
  8045 | D:8      | Reached skill level 1 in Invocations
  8045 | D:8      | Reached skill level 1 in Evocations
  8357 | D:8      | Reached skill level 2 in Invocations
  8357 | D:8      | Reached skill level 2 in Evocations
  8378 | D:8      | Noticed Grum
  8387 | D:8      | Killed Grum
  8388 | D:8      | Reached skill level 3 in Invocations
  8388 | D:8      | Reached skill level 3 in Evocations
  8399 | D:8      | Reached ***** piety under Uskayaw
  8675 | D:8      | Reached skill level 4 in Invocations
  8675 | D:8      | Reached skill level 4 in Evocations
  8716 | D:9      | Found a shimmering blue altar of Sif Muna.
  8718 | D:9      | Found a flagged portal.
  8769 | D:9      | Found the +8 demon trident "Rift" {distort, reach+}
  8789 | D:9      | Reached skill level 3 in Spellcasting
  8789 | D:9      | Reached XP level 10. HP: 53/76 MP: 5/14
  8810 | D:9      | Reached skill level 7 in Fighting
  8957 | Bailey   | Entered a bailey
  8974 | Bailey   | Reached skill level 8 in Fighting
  8984 | Bailey   | Reached skill level 3 in Armour
  9015 | Bailey   | Reached skill level 4 in Armour
  9080 | Bailey   | Reached skill level 4 in Stealth
  9084 | Bailey   | Noticed a two-headed ogre
  9092 | Bailey   | Killed a two-headed ogre
  9093 | Bailey   | Reached skill level 5 in Stealth
  9093 | Bailey   | Reached skill level 2 in Polearms
  9205 | Bailey   | Reached skill level 3 in Polearms
  9480 | D:9      | Noticed a two-headed ogre
  9492 | D:9      | Killed a two-headed ogre
  9493 | D:9      | Reached skill level 4 in Polearms
  9493 | D:9      | Reached XP level 11. HP: 60/86 MP: 5/15
  9773 | D:9      | Found a staircase to the Orcish Mines.
 10103 | D:10     | Entered Level 10 of the Dungeon
 10103 | D:10     | Noticed Psyche
 10107 | D:10     | Killed Psyche
 10108 | D:10     | Reached skill level 5 in Polearms
 10425 | D:10     | Aim: an orc warrior, wielding a +1 mace of protection,
                  | wearing a +0 plate armour and quivering boomerangs
                  | (severely wounded, poisoned, about 29% to evade the +8
                  | demon trident "Rift")
 10425 | D:10     | Aim: an orc warrior, wielding a +1 mace of protection,
                  | wearing a +0 plate armour and quivering boomerangs
                  | (severely wounded, poisoned, about 29% to evade the +8
                  | demon trident "Rift")
 10671 | D:10     | Found a sparkling altar of Nemelex Xobeh.
 11065 | D:11     | Learned a level 2 spell: Blink
 11279 | D:11     | Reached skill level 6 in Polearms
 11297 | D:11     | Reached skill level 1 in Translocations
 11306 | D:11     | Aim: a gargoyle, wielding a +0 mace (about 18% to evade the
                  | +8 demon trident "Rift")
 11306 | D:11     | Aim: a gargoyle, wielding a +0 mace (about 18% to evade the
                  | +8 demon trident "Rift")
 11309 | D:11     | Aim: a gargoyle, wielding a +0 mace (about 18% to evade the
                  | +8 demon trident "Rift")
 11309 | D:11     | Aim: a gargoyle, wielding a +0 mace (about 18% to evade the
                  | +8 demon trident "Rift")
 11310 | D:11     | Aim: a gargoyle, wielding a +0 mace (about 18% to evade the
                  | +8 demon trident "Rift")
 11310 | D:11     | Aim: a gargoyle, wielding a +0 mace (about 18% to evade the
                  | +8 demon trident "Rift")
 11311 | D:11     | Aim: a gargoyle, wielding a +0 mace (heavily damaged, about
                  | 18% to evade the +8 demon trident "Rift")
 11311 | D:11     | Aim: a gargoyle, wielding a +0 mace (heavily damaged, about
                  | 18% to evade the +8 demon trident "Rift")
 11331 | D:11     | Reached skill level 2 in Translocations
 11390 | D:11     | Found a staircase to the Lair.
 11509 | D:11     | Noticed a two-headed ogre
 11526 | D:11     | Killed a two-headed ogre
 11527 | D:11     | Reached skill level 7 in Polearms
 11992 | D:11     | Noticed Erolcha
 12028 | Lair:1   | Entered Level 1 of the Lair of Beasts
 12477 | Lair:1   | Reached skill level 8 in Polearms
 12587 | Lair:1   | Reached ****** piety under Uskayaw
 12983 | Lair:1   | You fall into a shaft and drop 1 floor!
 12983 | Lair:2   | Noticed a spriggan rider
 12993 | Lair:2   | Reached XP level 12. HP: 94/94 MP: 5/16
 13003 | Lair:2   | Reached skill level 9 in Fighting
 13172 | Lair:2   | Reached skill level 9 in Polearms
 14232 | Lair:3   | Reached skill level 10 in Fighting
 14240 | Lair:3   | Found a staircase to the Shoals.
 14319 | Lair:3   | Reached skill level 10 in Polearms
 14922 | Lair:3   | Found a hole to the Spider Nest.
 15055 | Lair:4   | Found a viscous altar of Jiyva.
 15062 | Lair:4   | Found a staircase to the Slime Pits.
 15065 | Lair:4   | Noticed a six-headed hydra
 15074 | Lair:4   | Killed a six-headed hydra
 15075 | Lair:4   | Reached skill level 11 in Polearms
 15428 | Lair:4   | Noticed a six-headed hydra
 15440 | Lair:4   | Killed a six-headed hydra
 15932 | Lair:5   | Entered Level 5 of the Lair of Beasts
 16023 | Lair:5   | Reached XP level 13. HP: 43/103 MP: 13/17
 16197 | Lair:5   | Reached skill level 12 in Polearms
 16375 | Lair:5   | Identified the +2 robe "Vootah" {rElec Str+4 Dex-5}
 16542 | Lair:5   | Reached skill level 11 in Fighting
 16556 | Lair:5   | Aim: a molten gargoyle, wielding a +0 mace (noxious fumes,
                  | heavily damaged, about 19% to evade the +8 demon trident
                  | "Rift")
 16556 | Lair:5   | Aim: a molten gargoyle, wielding a +0 mace (noxious fumes,
                  | heavily damaged, about 19% to evade the +8 demon trident
                  | "Rift")
 16671 | Lair:5   | Noticed Sonja
 16680 | Lair:5   | Killed Sonja
 17226 | Lair:5   | Reached skill level 12 in Fighting
 17858 | Lair:5   | Found a large runed translucent door.
 17859 | Lair:5   | Found a large runed translucent door.
 18368 | Orc:1    | Entered Level 1 of the Orcish Mines
 18386 | Orc:1    | Reached skill level 13 in Polearms
 18702 | Orc:2    | Entered Level 2 of the Orcish Mines
 18702 | Orc:2    | Found a staircase to the Elven Halls.
 18872 | Orc:2    | Noticed an orc warlord
 18891 | Orc:2    | Killed an orc warlord
 18909 | Orc:2    | a two-headed ogre comes into view. It is wielding the +10
                  | dark maul {heavy} and a +1 heavy dire flail.
 18914 | Orc:2    | Reached XP level 14. HP: 97/115 MP: 11/18
 18918 | Orc:2    | Here: a two-headed ogre, wielding the +10 dark maul {heavy}
                  | and a +1 heavy dire flail (moderately wounded, poisoned)
 18920 | Orc:2    | Here: a two-headed ogre, wielding the +10 dark maul {heavy}
                  | and a +1 heavy dire flail (noxious fumes, moderately
                  | wounded, poisoned)
 18921 | Orc:2    | Aim: a two-headed ogre, wielding the +10 dark maul {heavy}
                  | and a +1 heavy dire flail (noxious fumes, moderately
                  | wounded, confused, poisoned, 98% to hit)
 18921 | Orc:2    | Aim: a two-headed ogre, wielding the +10 dark maul {heavy}
                  | and a +1 heavy dire flail (noxious fumes, moderately
                  | wounded, confused, poisoned, 98% to hit)
 18922 | Orc:2    | Aim: a two-headed ogre, wielding the +10 dark maul {heavy}
                  | and a +1 heavy dire flail (noxious fumes, almost dead,
                  | confused)
 18922 | Orc:2    | Aim: a two-headed ogre, wielding the +10 dark maul {heavy}
                  | and a +1 heavy dire flail (noxious fumes, almost dead,
                  | confused)
 18922 | Orc:2    | Aim: a two-headed ogre, wielding the +10 dark maul {heavy}
                  | and a +1 heavy dire flail (noxious fumes, almost dead,
                  | confused, 98% to hit)
 18922 | Orc:2    | Aim: a two-headed ogre, wielding the +10 dark maul {heavy}
                  | and a +1 heavy dire flail (noxious fumes, almost dead,
                  | confused, 98% to hit)
 19404 | Orc:2    | Noticed an orc warlord
 19416 | Orc:2    | Killed an orc warlord
 19417 | Orc:2    | Reached skill level 14 in Polearms
 19739 | Orc:2    | Aim: an orc high priest, wielding a +0 halberd and wearing
                  | a +0 leather armour (purple smoke, lightly wounded,
                  | poisoned, about 30% to evade the +8 demon trident "Rift")
 19739 | Orc:2    | Aim: an orc high priest, wielding a +0 halberd and wearing
                  | a +0 leather armour (purple smoke, lightly wounded,
                  | poisoned, about 30% to evade the +8 demon trident "Rift")
 19740 | Orc:2    | Aim: an orc high priest, wielding a +0 halberd and wearing
                  | a +0 leather armour (lightly wounded, poisoned, about 30%
                  | to evade the +8 demon trident "Rift")
 19740 | Orc:2    | Aim: an orc high priest, wielding a +0 halberd and wearing
                  | a +0 leather armour (lightly wounded, poisoned, about 30%
                  | to evade the +8 demon trident "Rift")
 19741 | Orc:2    | Aim: an orc high priest, wielding a +0 halberd and wearing
                  | a +0 leather armour (heavily wounded, poisoned, about 30%
                  | to evade the +8 demon trident "Rift")
 19741 | Orc:2    | Aim: an orc high priest, wielding a +0 halberd and wearing
                  | a +0 leather armour (heavily wounded, poisoned, about 30%
                  | to evade the +8 demon trident "Rift")
 19742 | Orc:2    | Aim: an orc high priest, wielding a +0 halberd and wearing
                  | a +0 leather armour (almost dead, poisoned, about 30% to
                  | evade the +8 demon trident "Rift")
 19742 | Orc:2    | Aim: an orc high priest, wielding a +0 halberd and wearing
                  | a +0 leather armour (almost dead, poisoned, about 30% to
                  | evade the +8 demon trident "Rift")
 19765 | Orc:2    | Aim: an orc sorcerer, wielding a +0 dagger and wearing a +0
                  | robe (lightly wounded, very poisoned, about 30% to evade
                  | the +8 demon trident "Rift")
 19765 | Orc:2    | Aim: an orc sorcerer, wielding a +0 dagger and wearing a +0
                  | robe (lightly wounded, very poisoned, about 30% to evade
                  | the +8 demon trident "Rift")
 19766 | Orc:2    | Aim: an orc sorcerer, wielding a +0 dagger and wearing a +0
                  | robe (lightly wounded, very poisoned, about 30% to evade
                  | the +8 demon trident "Rift")
 19766 | Orc:2    | Aim: an orc sorcerer, wielding a +0 dagger and wearing a +0
                  | robe (lightly wounded, very poisoned, about 30% to evade
                  | the +8 demon trident "Rift")
 19767 | Orc:2    | Aim: an orc sorcerer, wielding a +0 dagger and wearing a +0
                  | robe (moderately wounded, extremely poisoned, about 30% to
                  | evade the +8 demon trident "Rift")
 19767 | Orc:2    | Aim: an orc sorcerer, wielding a +0 dagger and wearing a +0
                  | robe (moderately wounded, extremely poisoned, about 30% to
                  | evade the +8 demon trident "Rift")
 19768 | Orc:2    | Aim: an orc sorcerer, wielding a +0 dagger and wearing a +0
                  | robe (severely wounded, extremely poisoned, about 30% to
                  | evade the +8 demon trident "Rift")
 19768 | Orc:2    | Aim: an orc sorcerer, wielding a +0 dagger and wearing a +0
                  | robe (severely wounded, extremely poisoned, about 30% to
                  | evade the +8 demon trident "Rift")
 19769 | Orc:2    | Aim: an orc sorcerer, wielding a +0 dagger and wearing a +0
                  | robe (severely wounded, extremely poisoned, about 30% to
                  | evade the +8 demon trident "Rift")
 19769 | Orc:2    | Aim: an orc sorcerer, wielding a +0 dagger and wearing a +0
                  | robe (severely wounded, extremely poisoned, about 30% to
                  | evade the +8 demon trident "Rift")
 19770 | Orc:2    | Aim: an orc sorcerer, wielding a +0 dagger and wearing a +0
                  | robe (severely wounded, extremely poisoned, about 30% to
                  | evade the +8 demon trident "Rift")
 19770 | Orc:2    | Aim: an orc sorcerer, wielding a +0 dagger and wearing a +0
                  | robe (severely wounded, extremely poisoned, about 30% to
                  | evade the +8 demon trident "Rift")
 19771 | Orc:2    | Aim: a kobold blastminer, wielding a +0 arbalest (heavily
                  | wounded, about 34% to evade the +8 demon trident "Rift")
 19771 | Orc:2    | Aim: a kobold blastminer, wielding a +0 arbalest (heavily
                  | wounded, about 34% to evade the +8 demon trident "Rift")
 19772 | Orc:2    | Reached skill level 5 in Invocations
 20124 | Orc:2    | Reached skill level 6 in Invocations
 20146 | Orc:2    | Reached skill level 7 in Invocations
 20146 | Orc:2    | Found Bedou's General Store.
 20146 | Orc:2    | Found Lesuisch's Antique Weapon Shoppe.
 20147 | Orc:2    | Found Xesurgh's Antique Weapon Shop.
 20147 | Orc:2    | Found Koogipt's Armour Shop.
 20182 | Orc:2    | Bought a scroll of teleportation for 30 gold pieces
 20182 | Orc:2    | Bought a potion of might for 40 gold pieces
 20193 | Orc:2    | Bought a +0 barding for 299 gold pieces
 20278 | Orc:2    | Noticed Azrael
 20306 | Orc:2    | Aim: Azrael, wielding a +1 scimitar of flaming (almost
                  | dead, about 14% to evade the +8 demon trident "Rift")
 20306 | Orc:2    | Aim: Azrael, wielding a +1 scimitar of flaming (almost
                  | dead, about 14% to evade the +8 demon trident "Rift")
 20306 | Orc:2    | Killed Azrael
 20676 | D:9      | magus.rc [v1.9.6]
 20731 | D:11     | Noticed Lodul
 20739 | D:11     | Killed Lodul
 20755 | D:11     | Aim: a kobold demonologist, wielding a +0 dagger and
                  | wearing a +0 robe (heavily wounded, about 32% to evade the
                  | +8 demon trident "Rift")
 20755 | D:11     | Aim: a kobold demonologist, wielding a +0 dagger and
                  | wearing a +0 robe (heavily wounded, about 32% to evade the
                  | +8 demon trident "Rift")
 20756 | D:11     | Aim: a kobold demonologist, wielding a +0 dagger and
                  | wearing a +0 robe (severely wounded, about 32% to evade the
                  | +8 demon trident "Rift")
 20756 | D:11     | Aim: a kobold demonologist, wielding a +0 dagger and
                  | wearing a +0 robe (severely wounded, about 32% to evade the
                  | +8 demon trident "Rift")
 20757 | D:11     | Aim: a kobold demonologist, wielding a +0 dagger and
                  | wearing a +0 robe (severely wounded, about 32% to evade the
                  | +8 demon trident "Rift")
 20757 | D:11     | Aim: a kobold demonologist, wielding a +0 dagger and
                  | wearing a +0 robe (severely wounded, about 32% to evade the
                  | +8 demon trident "Rift")
 20758 | D:11     | Reached skill level 8 in Invocations
 20764 | D:11     | Aim: a kobold demonologist, wielding a +1 dagger of pain
                  | and wearing a +0 robe (wandering, hasn't noticed you, about
                  | 32% to evade the +8 demon trident "Rift")
 20764 | D:11     | Aim: a kobold demonologist, wielding a +1 dagger of pain
                  | and wearing a +0 robe (wandering, hasn't noticed you, about
                  | 32% to evade the +8 demon trident "Rift")
 20765 | D:11     | Aim: a kobold demonologist, wielding a +1 dagger of pain
                  | and wearing a +0 robe (moderately wounded, paralysed, about
                  | 2% to evade the +8 demon trident "Rift")
 20765 | D:11     | Aim: a kobold demonologist, wielding a +1 dagger of pain
                  | and wearing a +0 robe (moderately wounded, paralysed, about
                  | 2% to evade the +8 demon trident "Rift")
 20766 | D:11     | Aim: a kobold demonologist, wielding a +1 dagger of pain
                  | and wearing a +0 robe (severely wounded, paralysed, about
                  | 2% to evade the +8 demon trident "Rift")
 20766 | D:11     | Aim: a kobold demonologist, wielding a +1 dagger of pain
                  | and wearing a +0 robe (severely wounded, paralysed, about
                  | 2% to evade the +8 demon trident "Rift")
 20838 | D:11     | Noticed Snorg
 20848 | D:11     | Killed Snorg
 20950 | D:11     | Noticed Josephine
 20960 | D:11     | Killed Josephine
 20974 | D:11     | Reached skill level 9 in Invocations
 21282 | D:12     | Found a frozen archway.
 21319 | IceCv    | Entered an ice cave
 21757 | IceCv    | Reached skill level 10 in Invocations
 21766 | IceCv    | Noticed a reaper
 21822 | IceCv    | Aim: a reaper, wielding a -4 scythe of freezing, wearing a
                  | +0 robe of cold resistance and wearing a ring of protection
                  | from cold (about 25% to evade the +8 demon trident "Rift")
 21822 | IceCv    | Aim: a reaper, wielding a -4 scythe of freezing, wearing a
                  | +0 robe of cold resistance and wearing a ring of protection
                  | from cold (about 25% to evade the +8 demon trident "Rift")
 21823 | IceCv    | Aim: a reaper, wielding a -4 scythe of freezing, wearing a
                  | +0 robe of cold resistance and wearing a ring of protection
                  | from cold (about 25% to evade the +8 demon trident "Rift")
 21823 | IceCv    | Aim: a reaper, wielding a -4 scythe of freezing, wearing a
                  | +0 robe of cold resistance and wearing a ring of protection
                  | from cold (about 25% to evade the +8 demon trident "Rift")
 21826 | IceCv    | Aim: a reaper, wielding a -4 scythe of freezing, wearing a
                  | +0 robe of cold resistance and wearing a ring of protection
                  | from cold (freezing vapour, about 25% to evade the +8 demon
                  | trident "Rift")
 21826 | IceCv    | Aim: a reaper, wielding a -4 scythe of freezing, wearing a
                  | +0 robe of cold resistance and wearing a ring of protection
                  | from cold (freezing vapour, about 25% to evade the +8 demon
                  | trident "Rift")
 21827 | IceCv    | Aim: a reaper, wielding a -4 scythe of freezing, wearing a
                  | +0 robe of cold resistance and wearing a ring of protection
                  | from cold (freezing vapour, lightly wounded, about 25% to
                  | evade the +8 demon trident "Rift")
 21827 | IceCv    | Aim: a reaper, wielding a -4 scythe of freezing, wearing a
                  | +0 robe of cold resistance and wearing a ring of protection
                  | from cold (freezing vapour, lightly wounded, about 25% to
                  | evade the +8 demon trident "Rift")
 21828 | IceCv    | Aim: a reaper, wielding a -4 scythe of freezing, wearing a
                  | +0 robe of cold resistance and wearing a ring of protection
                  | from cold (freezing vapour, lightly wounded, about 25% to
                  | evade the +8 demon trident "Rift")
 21828 | IceCv    | Aim: a reaper, wielding a -4 scythe of freezing, wearing a
                  | +0 robe of cold resistance and wearing a ring of protection
                  | from cold (freezing vapour, lightly wounded, about 25% to
                  | evade the +8 demon trident "Rift")
 21839 | IceCv    | Aim: a reaper, wielding a -4 scythe of freezing, wearing a
                  | +0 robe of cold resistance and wearing a ring of protection
                  | from cold (heavily wounded, constricted by roots, about 7%
                  | to evade the +8 demon trident "Rift")
 21839 | IceCv    | Aim: a reaper, wielding a -4 scythe of freezing, wearing a
                  | +0 robe of cold resistance and wearing a ring of protection
                  | from cold (heavily wounded, constricted by roots, about 7%
                  | to evade the +8 demon trident "Rift")
 21840 | IceCv    | Aim: a reaper, wielding a -4 scythe of freezing, wearing a
                  | +0 robe of cold resistance and wearing a ring of protection
                  | from cold (severely wounded, constricted by roots, about 7%
                  | to evade the +8 demon trident "Rift")
 21840 | IceCv    | Aim: a reaper, wielding a -4 scythe of freezing, wearing a
                  | +0 robe of cold resistance and wearing a ring of protection
                  | from cold (severely wounded, constricted by roots, about 7%
                  | to evade the +8 demon trident "Rift")
 21840 | IceCv    | Killed a reaper
 21958 | IceCv    | Identified a +2 crystal plate armour of cold resistance
 21959 | IceCv    | N - a +2 crystal plate armour of cold resistance {rare=g}
 22179 | D:12     | Noticed Fannar
 22185 | D:12     | Banished Fannar
 22236 | D:12     | Aim: a centaur, wielding a +0 orcbow (severely wounded,
                  | about 18% to evade the +8 demon trident "Rift")
 22236 | D:12     | Aim: a centaur, wielding a +0 orcbow (severely wounded,
                  | about 18% to evade the +8 demon trident "Rift")
 22288 | D:12     | Noticed Nessos
 22308 | D:12     | Killed Nessos
 22397 | D:12     | You pick up a book of Battle and begin reading...
 22397 | D:12     | You add the spells Fugue of the Fallen, Ozocubu's Armour
                  | and Manifold Assault to your library.
 22446 | D:12     | You add the spells Ignite Poison and Freezing Cloud to your
                  | library.
 22573 | D:12     | Learned a level 4 spell: Ignite Poison
 23116 | D:13     | Reached skill level 13 in Fighting
 23131 | D:13     | Reached XP level 15. HP: 115/123 MP: 22/22
 23926 | D:14     | Noticed Jorgrun
 23928 | D:14     | Aim: Jorgrun, wielding a staff of earth and wearing a +0
                  | robe (about 36% to evade the +8 demon trident "Rift")
 23928 | D:14     | Aim: Jorgrun, wielding a staff of earth and wearing a +0
                  | robe (about 36% to evade the +8 demon trident "Rift")
 23929 | D:14     | Aim: Jorgrun, wielding a staff of earth and wearing a +0
                  | robe (about 36% to evade the +8 demon trident "Rift")
 23929 | D:14     | Aim: Jorgrun, wielding a staff of earth and wearing a +0
                  | robe (about 36% to evade the +8 demon trident "Rift")
 23930 | D:14     | Aim: Jorgrun, wielding a staff of earth and wearing a +0
                  | robe (lightly wounded, about 36% to evade the +8 demon
                  | trident "Rift")
 23930 | D:14     | Aim: Jorgrun, wielding a staff of earth and wearing a +0
                  | robe (lightly wounded, about 36% to evade the +8 demon
                  | trident "Rift")
 23931 | D:14     | Aim: Jorgrun, wielding a staff of earth and wearing a +0
                  | robe (lightly wounded, about 36% to evade the +8 demon
                  | trident "Rift")
 23931 | D:14     | Aim: Jorgrun, wielding a staff of earth and wearing a +0
                  | robe (lightly wounded, about 36% to evade the +8 demon
                  | trident "Rift")
 23932 | D:14     | Aim: Jorgrun, wielding a staff of earth and wearing a +0
                  | robe (moderately wounded, about 36% to evade the +8 demon
                  | trident "Rift")
 23932 | D:14     | Aim: Jorgrun, wielding a staff of earth and wearing a +0
                  | robe (moderately wounded, about 36% to evade the +8 demon
                  | trident "Rift")
 23934 | D:14     | Aim: a centaur warrior, wielding a +0 shortbow (about 21%
                  | to evade the +8 demon trident "Rift")
 23935 | D:14     | Aim: a centaur warrior, wielding a +0 shortbow (severely
                  | wounded, paralysed, about 2% to evade the +8 demon trident
                  | "Rift")
 23935 | D:14     | Aim: a centaur warrior, wielding a +0 shortbow (severely
                  | wounded, paralysed, about 2% to evade the +8 demon trident
                  | "Rift")
 23939 | D:14     | Aim: a centaur, wielding a +0 orcbow (moderately wounded,
                  | sharing its pain, about 18% to evade the +8 demon trident
                  | "Rift")
 23939 | D:14     | Aim: a centaur, wielding a +0 orcbow (moderately wounded,
                  | sharing its pain, about 18% to evade the +8 demon trident
                  | "Rift")
 23940 | D:14     | Aim: Jorgrun, wielding a staff of earth and wearing a +0
                  | robe (severely wounded, sharing his pain, about 36% to
                  | evade the +8 demon trident "Rift")
 23940 | D:14     | Aim: Jorgrun, wielding a staff of earth and wearing a +0
                  | robe (severely wounded, sharing his pain, about 36% to
                  | evade the +8 demon trident "Rift")
 23941 | D:14     | Aim: Jorgrun, wielding a staff of earth and wearing a +0
                  | robe (severely wounded, sharing his pain, about 36% to
                  | evade the +8 demon trident "Rift")
 23941 | D:14     | Aim: Jorgrun, wielding a staff of earth and wearing a +0
                  | robe (severely wounded, sharing his pain, about 36% to
                  | evade the +8 demon trident "Rift")
 23941 | D:14     | Killed Jorgrun
 24178 | D:14     | Reached skill level 14 in Fighting
 24344 | D:14     | Reached skill level 5 in Armour
 24529 | D:14     | Found a gate to the Vaults.
 24535 | D:14     | Reached skill level 6 in Armour
 24647 | D:14     | Reached skill level 7 in Armour
 24962 | D:15     | Entered Level 15 of the Dungeon
 25040 | D:15     | magus.rc [v1.9.6]
 25086 | D:15     | Reached skill level 8 in Armour
 25097 | D:15     | Aim: a skeletal warrior, wielding a +0 glaive (lightly
                  | damaged, sharing its pain, about 25% to evade the +8 demon
                  | trident "Rift")
 25097 | D:15     | Aim: a skeletal warrior, wielding a +0 glaive (lightly
                  | damaged, sharing its pain, about 25% to evade the +8 demon
                  | trident "Rift")
 25098 | D:15     | Aim: a skeletal warrior, wielding a +0 glaive (lightly
                  | damaged, sharing its pain, about 25% to evade the +8 demon
                  | trident "Rift")
 25098 | D:15     | Aim: a skeletal warrior, wielding a +0 glaive (lightly
                  | damaged, sharing its pain, about 25% to evade the +8 demon
                  | trident "Rift")
 25099 | D:15     | Aim: a skeletal warrior, wielding a +0 glaive (moderately
                  | damaged, sharing its pain, about 25% to evade the +8 demon
                  | trident "Rift")
 25099 | D:15     | Aim: a skeletal warrior, wielding a +0 glaive (moderately
                  | damaged, sharing its pain, about 25% to evade the +8 demon
                  | trident "Rift")
 25103 | D:15     | Aim: a skeletal warrior, wielding a +0 glaive (moderately
                  | damaged, sharing its pain, about 25% to evade the +8 demon
                  | trident "Rift")
 25103 | D:15     | Aim: a skeletal warrior, wielding a +0 glaive (moderately
                  | damaged, sharing its pain, about 25% to evade the +8 demon
                  | trident "Rift")
 25104 | D:15     | Aim: a skeletal warrior, wielding a +0 glaive (severely
                  | damaged, sharing its pain, about 25% to evade the +8 demon
                  | trident "Rift")
 25104 | D:15     | Aim: a skeletal warrior, wielding a +0 glaive (severely
                  | damaged, sharing its pain, about 25% to evade the +8 demon
                  | trident "Rift")
 25356 | D:15     | Reached skill level 9 in Armour
 25872 | D:15     | Reached skill level 10 in Armour
 25967 | D:15     | Found a staircase to the Depths.
 26069 | D:15     | Reached skill level 11 in Armour
 26339 | Lair:1   | magus.rc [v1.9.6]
 26339 | Lair:1   | Upgraded the game from 0.31-a0-1317-gdfb52cbc09 to
                  | 0.31-a0-1336-g7fd7ca34b5
 26339 | Lair:1   | magus.rc [v1.9.6]
 26423 | Spider:1 | Entered Level 1 of the Spider Nest
 26811 | Spider:1 | Reached skill level 12 in Armour
 26816 | Spider:1 | Reached skill level 7 in Alchemy
 26890 | Spider:1 | You pick up a book of Blasting and begin reading...
 26890 | Spider:1 | You add the spells Volatile Blastmotes, Fulminant Prism and
                  | Iskenderun's Mystic Blast to your library.
 27020 | Spider:1 | Reached XP level 16. HP: 132/146 MP: 23/23
 27681 | Spider:1 | Reached skill level 8 in Alchemy
 28675 | Spider:2 | Identified the +3 leather armour of Dithmenos's Reproof
                  | {-Cast -Tele Rampage rN+++}
 28734 | Spider:2 | Reached skill level 9 in Alchemy
 28892 | Spider:2 | Identified the +1 pair of gloves of Ennui {rF++ Will-
                  | Slay+4}
 28929 | Spider:2 | You add the spells Summon Forest, Eringya's Noxious Bog and
                  | Summon Hydra to your library.
 29445 | Spider:2 | Reached skill level 10 in Alchemy
 30047 | Spider:2 | magus.rc [v1.9.6]
 30128 | Spider:3 | Noticed Nikola
 30131 | Spider:3 | Reached skill level 1 in Fire Magic
 30134 | Spider:3 | Banished Nikola
 30135 | Spider:3 | Reached skill level 2 in Fire Magic
 30206 | Spider:3 | Reached skill level 3 in Fire Magic
 30344 | Spider:3 | Identified a scroll of acquirement
 30345 | Spider:3 | Acquired the ring "Zupray" {^Contam rElec rCorr Str+5
                  | Slay+5}
 30447 | Spider:3 | You pick up a book of Winter and begin reading...
 30447 | Spider:3 | You add the spells Metabolic Englaciation and Simulacrum to
                  | your library.
 30699 | Spider:4 | Entered Level 4 of the Spider Nest
 30703 | Spider:4 | You pick up a book of Iron and begin reading...
 30703 | Spider:4 | You add the spells Summon Lightning Spire, Animate Armour
                  | and Lee's Rapid Deconstruction to your library.
 30727 | Spider:4 | Reached skill level 4 in Fire Magic
 30799 | Spider:4 | Paralysed by a jorogumo for 2 turns
 30802 | Spider:4 | HP: 30/137 [steelbarb worm (17)]
 30802 | Spider:4 | HP: 7/137 [pharaoh ant (23)]
 30802 | Spider:4 | HP: 2/131 [pharaoh ant (5)]
 30802 | Spider:4 | Mangled by a steelbarb worm

Vanquished Creatures
  Jorgrun (D:14)
  An emperor scorpion (Spider:2)
  An ironbound preserver (D:14)
  2 orc warlords (Orc:2)
  A reaper (IceCv)
  A broodmother (Spider:2)
  Azrael (Orc:2)
  Nessos (D:12)
  Snorg (D:11)
  4 entropy weavers
  A fire dragon (D:13)
  Josephine (D:11)
  A radroach (Spider:2)
  6 hydras
  2 rakshasas (D:15)
  2 boulder beetles
  5 two-headed ogres
  A jorogumo (Spider:1)
  A catoblepas (D:15)
  A tengu warrior (D:15)
  2 hell hogs (Lair:5)
  5 centaur warriors
  3 orc high priests (Orc:2)
  5 demonic crawlers (Spider:1)
  Sonja (Lair:5)
  2 skysharks
  5 pharaoh ants
  A sea snake (shapeshifter) (D:15)
  Lodul (D:11)
  6 orb spiders
  3 skeletal warriors (D:15)
  A glowing orange brain (D:15)
  2 sun moths
  3 steelbarb worms
  Pikel (D:8)
  A deep elf pyromancer (D:14)
  6 orc sorcerers
  8 wolf spiders
  3 ugly things
  A lindwurm (Lair:5)
  8 orc knights
  9 cyclopes
  5 manticores
  10 slime creatures
  An ice statue (IceCv)
  5 kobold blastminers
  2 moths of wrath
  A torpor snail (Spider:1)
  7 cane toads
  2 molten gargoyles (Lair:5)
  5 black mambas
  3 kobold demonologists
  2 gargoyles
  3 efreet
  5 rime drakes
  12 komodo dragons
  4 ice devils (IceCv)
  A freezing wraith (IceCv)
  A tengu conjurer (D:15)
  Psyche (D:10)
  6 trolls
  2 polar bears
  An anaconda simulacrum (IceCv)
  A meliai (D:14)
  A queen bee (shapeshifter) (D:15)
  A hornet (Lair:2)
  A queen bee (Lair:1)
  18 blink frogs
  17 tarantellas
  14 jumping spiders
  2 spriggans (shapeshifter)
  7 wraiths
  4 spriggans
  7 culicivoras
  2 vampires
  30 yaks
  4 wyverns
  2 shadows (D:11)
  A human (D:14)
  8 basilisks
  6 wargs
  2 steam dragons
  Grum (D:8)
  39 redbacks
  3 fire elementals (Orc:2)
  2 death yak simulacra (D:12)
  3 vampire mosquitoes (Lair:5)
  A harpy simulacrum (IceCv)
  An acid dragon (D:12)
  15 water moccasins
  A hydra simulacrum (IceCv)
  A swamp drake (Lair:5)
  6 hell hounds
  18 orc warriors
  A sky beast (D:8)
  3 ice beasts (D:11)
  25 wolves
  14 ogres
  17 centaurs
  A lemure (D:8)
  5 kobold brigands
  9 bullfrogs
  3 two-headed ogre simulacra
  5 earth elementals (D:15)
  A gnoll sergeant (D:11)
  A scorpion (D:7)
  3 wights (D:9)
  42 killer bees
  2 electric eels (Lair:1)
  2 howler monkeys
  3 lava snakes (Lair:5)
  3 hounds
  A gnoll bouda (D:7)
  21 orc priests
  4 jellies (Lair:4)
  An iguana (D:5)
  A sleepcap (D:5)
  23 orc wizards
  11 hell rats
  5 troll simulacra
  3 polar bear simulacra (IceCv)
  6 spriggan simulacra (IceCv)
  2 wolf simulacra (IceCv)
  2 adders
  8 gnolls
  3 naga simulacra
  A shadow imp (D:7)
  9 ufetubi
  4 worms (D:2)
  3 dart slugs
  56 orcs
  4 endoplasms (D:1)
  5 giant cockroaches
  5 goblins
  7 hobgoblins
  2 jackals (D:4)
  4 quokkas
  8 ball pythons
  2 bats
  20 kobolds
  4 rats
775 creatures vanquished.

Vanquished Creatures (collateral kills)
  A killer bee (D:7)
1 creature vanquished.

Vanquished Creatures (others)
  A basilisk (D:15)
  An orc wizard (Orc:2)
  2 foxfires (Lair:5)
4 creatures vanquished.

Grand Total: 780 creatures vanquished

Table legend:
 A = Non-vault XP
 B = Vault XP
 C = Vault XP percentage of total XP
 D = Non-vault monster count
 E = Vault monster count
 F = Vault count percentage of total count
                 A         B        C        D         E       F
            +---------+---------+-------+---------+---------+-------
      Total |  126858 |   66474 |  34.4 |     575 |     245 |  29.9
            +---------+---------+-------+---------+---------+-------
        D:1 |      22 |       3 |  12.0 |      11 |       2 |  15.4
        D:2 |      62 |       6 |   8.8 |      20 |       2 |   9.1
        D:3 |      27 |       0 |   0.0 |      14 |       0 |   0.0
        D:4 |     145 |       0 |   0.0 |      18 |       0 |   0.0
        D:5 |     428 |       0 |   0.0 |      15 |       0 |   0.0
        D:6 |     282 |       0 |   0.0 |       7 |       0 |   0.0
        D:7 |     714 |       0 |   0.0 |      20 |       0 |   0.0
        D:8 |    2061 |    1331 |  39.2 |      25 |       7 |  21.9
        D:9 |    3423 |     588 |  14.7 |      28 |      15 |  34.9
       D:10 |    1441 |     346 |  19.4 |      15 |       1 |   6.2
       D:11 |    3876 |    5515 |  58.7 |      26 |      22 |  45.8
       D:12 |    2711 |    2467 |  47.6 |      12 |      10 |  45.5
       D:13 |    9454 |       0 |   0.0 |      19 |       0 |   0.0
       D:14 |    6932 |    8569 |  55.3 |      17 |      15 |  46.9
       D:15 |    9704 |    8570 |  46.9 |      18 |      22 |  55.0
     Lair:1 |    3266 |    2522 |  43.6 |      18 |      27 |  60.0
     Lair:2 |    4661 |     205 |   4.2 |      17 |       1 |   5.6
     Lair:3 |    3994 |     736 |  15.6 |      25 |       5 |  16.7
     Lair:4 |    7197 |     171 |   2.3 |      24 |       4 |  14.3
     Lair:5 |    9458 |    9761 |  50.8 |      42 |      33 |  44.0
   Spider:1 |   23678 |     277 |   1.2 |      60 |       1 |   1.6
   Spider:2 |   16867 |       0 |   0.0 |      44 |       0 |   0.0
   Spider:3 |    8021 |    2366 |  22.8 |      18 |       1 |   5.3
   Spider:4 |     550 |       0 |   0.0 |       1 |       0 |   0.0
      Orc:1 |    3671 |       0 |   0.0 |      36 |       0 |   0.0
      Orc:2 |    4213 |   14917 |  78.0 |      25 |      35 |  58.3
     Bailey |       0 |    2384 | 100.0 |       0 |      11 | 100.0
      IceCv |       0 |    5740 | 100.0 |       0 |      31 | 100.0
            +---------+---------+-------+---------+---------+-------

Skill      XL: |  1  2  3  4  5  6  7  8  9 10 11 12 13 14 15 16 |
---------------+-------------------------------------------------+-----
Conjurations   | 1 2 3 |  3.5
Stealth        | 3 5 |  5.0
Alchemy        | 3 4 6 7 10 | 10.0
Air Magic      | 2 3 |  3.5
Fighting       | 2 3 5 6 8 10 12 13 14 | 14.5
Spellcasting   | 2 3 |  3.0
Short Blades   | 4 6 |  6.0
Armour         | 2 4 12 | 12.0
Invocations    | 4 10 | 10.0
Evocations     | 4 |  4.0
Polearms       | 4 8 11 13 14 | 14.0
Translocations | 2 |  2.0
Fire Magic     | 4 |  4.1
Dodging        | |  1.3

Action                     |  1- 3 |  4- 6 |  7- 9 | 10-12 | 13-15 | 16-18 || total
---------------------------+-------+-------+-------+-------+-------+-------++-------
  Melee: Club              |     2 |       |       |       |       |       ||     2
         Mace              |    23 |    64 |    56 |       |       |       ||   143
         Tailslap          |     1 |     9 |    16 |    29 |    93 |    25 ||   173
         Punch             |     1 |       |       |     5 |     7 |     2 ||    15
         Dagger            |     5 |     1 |       |       |       |       ||     6
         Short sword       |       |    12 |    74 |    90 |       |       ||   176
         Demon trident     |       |       |       |   305 |   980 |   236 ||  1521
  Throw: Dart              |       |     5 |     7 |       |     5 |       ||    17
         Throwing net      |       |       |     1 |       |       |       ||     1
   Cast: Sting             |    80 |    60 |    19 |       |     2 |       ||   161
         Mercury Vapours   |     3 |    27 |    12 |       |       |     3 ||    45
         Mephitic Cloud    |       |       |    16 |    22 |    20 |     4 ||    62
         Olgreb's Toxic Ra |       |       |    22 |    71 |    62 |    29 ||   184
         Ignite Poison     |       |       |       |       |       |     2 ||     2
  Evoke: Wand              |       |       |     1 |    10 |    10 |       ||    21
         Phial of floods   |       |       |       |       |       |     1 ||     1
    Use: Scroll            |     1 |     3 |     4 |    13 |     8 |     4 ||    33
         Potion            |       |     3 |       |     2 |     2 |       ||     7
   Stab: Confused          |       |       |     6 |     8 |     3 |     1 ||    18
         Paralysed         |       |       |     6 |    28 |    90 |    24 ||   148
         Sleeping          |       |       |     1 |    12 |    20 |     7 ||    40
         Invisible         |       |       |       |     1 |       |       ||     1
         Distracted        |       |       |       |     2 |     3 |       ||     5
 Armour: Robe              |    27 |     1 |       |       |       |       ||    28
         Leather armour    |       |   150 |   106 |   164 |   321 |       ||   741
         Scale mail        |       |       |       |       |       |    89 ||    89
  Dodge: Dodged            |    13 |   100 |    68 |   104 |   177 |    34 ||   496
  Block: Other             |     9 |    46 |    25 |    50 |    72 |    20 ||   222
         Reflection        |       |       |     2 |     8 |    14 |       ||    24

Illustrated notes

Table legend:
 A = Kills in this place as a percentage of kills in the entire game.
 B = Kills by you in this place as a percentage of kills by you in the entire game.
 C = Kills by friends in this place as a percentage of kills by friends in the entire game.
 D = Other kills in this place as a percentage of other kills in the entire game.
 E = Experience gained in this place as a percentage of experience gained in the entire game.
 F = Experience gained in this place divided by the number of levels of this place that you have seen.
                   A       B       C       D       E      F
               +-------+-------+-------+-------+-------+----------------------
         Total | 100.0 | 100.0 | 100.0 | 100.0 | 100.0 | 6904.7
       Dungeon |  44.0 |  44.3 | 100.0 |  39.7 |  35.5 | 4578.5
          Lair |  23.9 |  23.8 |   0.0 |  25.9 |  21.7 | 8394.2
   Spider Nest |  15.2 |  15.0 |   0.0 |  19.0 |  26.8 | 12939.8
  Orcish Mines |  11.7 |  12.2 |   0.0 |   5.2 |  11.8 | 11400.5
        Bailey |   1.3 |   1.2 |   0.0 |   3.4 |   1.2 | 2384.0
      Ice Cave |   3.8 |   3.5 |   0.0 |   6.9 |   3.0 | 5740.0
               +-------+-------+-------+-------+-------+----------------------

Table legend: (Time is in decaauts)
 A = Elapsed time spent in this place.
 B = Non-inter-level travel time spent in this place.
 C = Inter-level travel time spent in this place.
 D = Time resting spent in this place.
 E = Time spent auto-exploring this place.
 F = Levels seen in this place.
 G = Mean time per level.
                   A        B        C        D        E       F      G
               +--------+--------+--------+--------+--------+-----+--------+
         Total |  30310 |  28332 |   1978 |   5399 |  17653 |  28 | 1082.5 |
       Dungeon |  16775 |  15387 |   1388 |   2746 |   9653 |  15 | 1118.3 |
          Lair |   6380 |   5985 |    395 |   1298 |   3796 |   5 | 1276.0 |
   Spider Nest |   3899 |   3788 |    111 |    499 |   2757 |   4 |  974.8 |
  Orcish Mines |   2235 |   2153 |     82 |    444 |   1294 |   2 | 1117.5 |
        Bailey |    345 |    345 |      0 |    129 |     46 |   1 |  345.0 |
      Ice Cave |    675 |    675 |      0 |    282 |    107 |   1 |  675.0 |
               +--------+--------+--------+--------+--------+-----+--------+

Top non-repeatable levels by time:
Spider:1: 1814 daAuts
   Orc:2: 1775 daAuts
  Lair:4: 1588 daAuts
  Lair:5: 1572 daAuts
     D:2: 1431 daAuts
  Lair:1: 1342 daAuts
     D:3: 1337 daAuts
    D:10: 1301 daAuts
    D:15: 1301 daAuts
Spider:2: 1295 daAuts
     D:5: 1244 daAuts
    D:11: 1229 daAuts
    D:14: 1212 daAuts
     D:7: 1085 daAuts
     D:4: 1084 daAuts
